 Dungeon Crawl Stone Soup version 0.13.0-18-g7b03ea5 (webtiles) character file.

4423 MDvedh the Thaumaturge (level 10, 0/50 HPs)
             Began as a Deep Elf Fire Elementalist on Oct 23, 2013.
             Was a Believer of Sif Muna.
             Shot with an arrow of dispersal by a centaur (17 damage)
             ... on Level 9 of the Dungeon.
             The game lasted 00:38:51 (9834 turns).

MDvedh the Thaumaturge (Deep Elf Fire Elementalist) Turns: 9834, Time: 00:38:51

HP   0/50        AC  4     Str  6      XL: 10   Next:  6%
MP   4/27        EV 15     Int 23      God: Sif Muna [**....]
Gold 311         SH  0     Dex 15      Spells:  4 memorised, 16 levels left

Res.Fire  : + . .   See Invis. : .   l - +4 quarterstaff (chaos) (curse)
Res.Cold  : . . .   Warding    : .   a - +0 elf robe
Life Prot.: . . .   Conserve   : .   (no shield)
Res.Poison: .       Res.Corr.  : .   (helmet restricted)
Res.Elec. : .       Clarity    : .   d - +1 cloak
Sust.Abil.: . .     Spirit.Shd : .   (no gloves)
Res.Mut.  : .       Stasis     : .   (no boots)
Res.Rott. : .       Flight     : .   (no amulet)
Saprovore : . . .                    (no ring)
                                     n - ring of protection from fire

@: mildly poisoned, somewhat resistant to hostile enchantments, quite stealthy
A: beak, herbivore 1, -10% mp
a: Channel Energy, Forget Spell, Renounce Religion


You were on level 9 of the Dungeon.
You worshipped Sif Muna.
Sif Muna was pleased with you.
You were hungry.

You visited 1 branch of the dungeon, and saw 9 of its levels.

You collected 351 gold pieces.
You spent 60 gold pieces at shops.

Inventory:

Hand weapons
 l - a cursed +4,+4 quarterstaff of chaos (weapon)
Armour
 a - a +0 elven robe (worn)
 d - a +1 cloak (worn)
Magical devices
 f - a wand of cold (8) {unknown}
 g - a wand of fire (5)
 j - a wand of random effects (15)
 s - a wand of cold (10) {unknown}
 x - a wand of random effects (12)
Comestibles
 c - 5 bread rations
 u - a choko
 v - 2 meat rations
 A - 2 rotting chunks of orc flesh
Scrolls
 h - a scroll of curse weapon
 o - 2 scrolls of identify
 q - a scroll of remove curse
 t - a scroll of enchant armour
Jewellery
 n - a ring of protection from fire (left hand)
Potions
 e - a potion of restore abilities
 i - 2 potions of curing
 m - 3 potions of speed
 p - 2 potions of invisibility
 r - 4 potions of heal wounds
 w - a potion of agility
 B - a potion of degeneration {unknown}
Books
 b - a book of Flames

   Spells                             Type                      Level
   *Flame Tongue                      Conjuration/Fire             1
   Throw Flame                        Conjuration/Fire             2
   *Conjure Flame                     Conjuration/Fire             3
   Inner Flame                        Hexes/Fire                   3
   *Sticky Flame                      Conjuration/Fire             4
   *Fireball                          Conjuration/Fire             5
 k - a Necronomicon {highlevel}

   This book is beyond your current level of understanding.

   Spells                             Type                      Level
   Borgnjor's Revivification          Necromancy                   7
   Haunt                              Necromancy/Summoning         7
   Death's Door                       Charms/Necromancy            8
   Necromutation                      Transmutation/Necromancy     8
 z - a book of Fire

   Spells                             Type                      Level
   Fire Brand                         Charms/Fire                  2
   Ignite Poison                      Fire/Transmutation           5
   *Fireball                          Conjuration/Fire             5
   Bolt of Fire                       Conjuration/Fire             6
   Delayed Fireball                   Conjuration/Fire             7
   Ring of Flames                     Charms/Fire                  7
Magical staves
 y - an uncursed staff of summoning


   Skills:
 + Level 6.2 Dodging
 + Level 5.8 Stealth
 - Level 10.0 Spellcasting
 + Level 8.1 Conjurations
 + Level 9.1 Fire Magic


You had 16 spell levels left.
You knew the following spells:

 Your Spells              Type           Power        Failure   Level  Hunger
a - Flame Tongue          Conj/Fire      #####        1%          1    None
b - Conjure Flame         Conj/Fire      ######..     1%          3    None
c - Sticky Flame          Conj/Fire      ######..     1%          4    #......
d - Fireball              Conj/Fire      ######....   6%          5    ###....


Dungeon Overview and Level Annotations

Branches:
Dungeon (9/27)             Temple (0/1) D:7
    Orc: D:6-11        Lair: D:8-13

Altars:
Ashenzari
Cheibriados
Elyvilon
Makhleb
Nemelex Xobeh
Okawaru
Sif Muna
Vehumet
Xom

Shops:
D:5 !

Annotations:
D:3 exclusion: door, Sigmund
D:9 Pikel


Innate Abilities, Weirdness & Mutations

You have a beak for a mouth.
You digest meat inefficiently.
Your magical capacity is low (-10% MP).


Message History

You kill the worker ant!
You feel sick.
Unknown command.
You feel sick.
The centaur wields a bow.
The centaur shoots an arrow of dispersal.
The arrow of dispersal misses you.
You feel sick.
The centaur shoots an arrow of dispersal.
The arrow of dispersal misses you.
You feel sick.
The centaur shoots an arrow of dispersal.
The arrow of dispersal hits you!
You blink.
Pikel hits you with a glowing whip.
The centaur unwields an uncursed bow.
The centaur hits you but does no damage.
The slave closely misses you.
You feel sick. The centaur hits you! The slave hits you!
You feel sick.
The centaur wields an uncursed bow.
The centaur shoots an arrow of dispersal.
The arrow of dispersal hits you!
You blink.
You die...

#.#.#.#.......
#######.#.#[# .####
#.........#.## #
#.#####......# #.#
#......# #.# #.ยง....#
###.######..@..# #.....[#
#cK...# #......#
#...@##.#### #......#
#............
###.#######.####.....
######.###.###.##...##...
(........._..............
######.###.###%##...##.#.
#.# ### #.# ...#
#.#######.# ...#
#.#.....#.# ####


You could see Pikel, a slave and a centaur.

Vanquished Creatures
  The ghost of Whadda the Skirmisher, an experienced MiBe of Trog (D:5)
  A feature mimic (D:7)
  A troll (D:9)
  The ghost of Raxtorm the Shield-Bearer, an average MiFi (D:4)
  A wyvern (D:8)
  A hungry ghost (D:7)
  A hippogriff (D:8)
  3 ice beasts
  A sky beast (D:5)
  4 ogres
  3 phantoms
  A centaur (D:8)
  3 slaves (D:9)
  2 giant frogs
  A wyvern zombie (D:7)
  A jelly (D:6)
  10 wights
  7 crimson imps
  Crazy Yiuf (D:3)
  3 hounds
  2 orc wizards (D:5)
  2 iguanas
  2 scorpions
  6 worker ants
  Jessica (D:5)
  A worm zombie (D:6)
  10 adders
  3 worms
  An iguana skeleton (D:6)
  A giant eyeball (D:9)
  5 giant geckos
  An ooze (D:1)
  17 orcs
  6 giant cockroaches
  10 hobgoblins
  11 kobolds
  2 quokkas
  23 bats
  6 giant newts
  13 goblins
  A hobgoblin skeleton (D:7)
  9 jackals
  A kobold skeleton (D:5)
  2 orc skeletons
  6 rats
  A rat skeleton (D:5)
  2 bushes (D:3)
  A plant (D:3)
193 creatures vanquished.

Vanquished Creatures (others)
  A plant (D:3)
1 creature vanquished.

Grand Total: 194 creatures vanquished

Notes
Turn   | Place    | Note
--------------------------------------------------------------
     0 | D:1      | MDvedh, the Deep Elf Fire Elementalist, began the quest for the Orb.
     0 | D:1      | Reached XP level 1. HP: 10/10 MP: 4/4
   301 | D:1      | Reached XP level 2. HP: 12/15 MP: 1/7
   682 | D:1      | Reached XP level 3. HP: 19/19 MP: 5/10
  1478 | D:2      | Learned a level 3 spell: Conjure Flame
  1489 | D:2      | Reached skill level 4 in Fire Magic
  1681 | D:2      | Reached XP level 4. HP: 24/24 MP: 11/13
  1688 | D:2      | Learned a level 4 spell: Sticky Flame
  1986 | D:3      | Noticed Sigmund
  2628 | D:3      | Noticed Crazy Yiuf
  2640 | D:3      | Killed Crazy Yiuf
  2799 | D:2      | Found a shattered altar of Ashenzari.
  3227 | D:3      | Reached skill level 5 in Fire Magic
  3227 | D:3      | Reached XP level 5. HP: 22/28 MP: 16/16
  3392 | D:4      | Noticed an ogre
  3527 | D:3      | Gained mutation: You have a beak for a mouth. [potion of mutation]
  3527 | D:3      | Gained mutation: Your magical capacity is low (-10% MP). [potion of mutation]
  3527 | D:3      | Gained mutation: You digest meat inefficiently. [potion of mutation]
  4095 | D:4      | Noticed a phantom
  4179 | D:5      | Entered Level 5 of the Dungeon
  4379 | D:5      | Noticed a sky beast
  4387 | D:5      | Killed a sky beast
  4387 | D:5      | Reached XP level 6. HP: 32/32 MP: 11/16
  4457 | D:5      | Noticed an ogre
  4466 | D:5      | Killed an ogre
  4466 | D:5      | Reached skill level 6 in Fire Magic
  4477 | D:5      | Noticed Whadda's ghost (experienced MiBe)
  4519 | D:4      | Killed a phantom
  4519 | D:4      | Reached skill level 5 in Conjurations
  4571 | D:4      | Killed an ogre
  4571 | D:4      | Reached XP level 7. HP: 18/36 MP: 0/18
  4751 | D:4      | Found a sparkling altar of Nemelex Xobeh.
  4765 | D:4      | Found a snail-covered altar of Cheibriados.
  5108 | D:4      | Noticed Raxtorm's ghost (average MiFi)
  5141 | D:4      | Killed Raxtorm's ghost
  5141 | D:4      | Reached skill level 7 in Fire Magic
  5506 | D:5      | Noticed an ogre
  5512 | D:5      | Killed an ogre
  5512 | D:5      | Reached XP level 8. HP: 41/41 MP: 11/18
  5545 | D:5      | Found Coecs' Distillery.
  5555 | D:5      | Bought a potion of heal wounds for 30 gold pieces
  5555 | D:5      | Bought a potion of heal wounds for 30 gold pieces
  5662 | D:5      | Killed Whadda's ghost
  6182 | D:5      | Noticed Jessica
  6190 | D:5      | Killed Jessica
  6201 | D:5      | Found a deep blue altar of Sif Muna.
  6209 | D:5      | Became a worshipper of Sif Muna the Loreminder
  6613 | D:6      | Reached skill level 8 in Spellcasting
  6848 | D:6      | Found a shimmering altar of Xom.
  6959 | D:6      | Reached skill level 9 in Spellcasting
  7025 | D:6      | Learned a level 5 spell: Fireball
  7302 | D:6      | Acquired Sif Muna's first power
  7395 | D:7      | Reached skill level 10 in Spellcasting
  7395 | D:7      | Reached XP level 9. HP: 42/45 MP: 19/26
  7646 | D:7      | Found an iron altar of Okawaru.
  8132 | D:7      | Found a staircase to the Ecumenical Temple.
  8224 | D:7      | Killed a fountain mimic
  8738 | D:8      | Found a radiant altar of Vehumet.
  8853 | D:8      | Reached skill level 5 in Dodging
  9076 | D:8      | Reached skill level 5 in Stealth
  9267 | D:8      | Acquired Sif Muna's second power
  9519 | D:8      | Found a burning altar of Makhleb.
  9678 | D:9      | Found a white marble altar of Elyvilon.
  9694 | D:9      | Reached XP level 10. HP: 44/50 MP: 19/27
  9741 | D:9      | Paralysed by a giant eyeball for 2 turns
  9814 | D:9      | Noticed Pikel
  9834 | D:9      | Shot with an arrow of dispersal by a centaur

Action                   |  1- 3 |  4- 6 |  7- 9 | 10-12 || total
-------------------------+-------+-------+-------+-------++-------
Melee: Unarmed           |    19 |       |       |       ||    19
       Quarterstaff      |       |    73 |    75 |     2 ||   150
 Cast: Flame Tongue      |    72 |    70 |   191 |     3 ||   336
       Conjure Flame     |     2 |    13 |    22 |       ||    37
       Sticky Flame      |       |     7 |    30 |     3 ||    40
       Fireball          |       |       |     1 |     3 ||     4
Evoke: Wand              |       |     1 |       |       ||     1
  Use: Scroll            |       |     6 |    12 |       ||    18
       Potion            |       |     7 |     1 |       ||     8
 Stab: Sleeping          |       |       |     1 |     1 ||     2
